 Dungeon Crawl Stone Soup version 0.28-a0-586-gbdb9d174a4 (webtiles) character file.

Game seed: 2146343503879266975

343 edj the Vexing (level 6, -2/28 HPs)
             Began as a Spriggan Enchanter on Oct 3, 2021.
             Slain by an orc (4 damage)
             ... on level 4 of the Dungeon.
             The game lasted 00:09:04 (4995 turns).

edj the Vexing (Spriggan Enchanter)                 Turns: 4995, Time: 00:09:04

Health: -2/28      AC:  3    Str:  4    XL:     6   Next: 31%
Magic:  4/14       EV: 18    Int: 25    God:
Gold:   85         SH:  0    Dex: 23    Spells: 6/17 levels left

rFire   + . .      SeeInvis +   a - +2 dagger
rCold   . . .      Faith    .   (shield restricted)
rNeg    . . .      Spirit   .   m - +1 robe "Finiugg" {Rampage Will- Int+8 Dex+4}
rPois   .          Reflect  .   (helmet restricted)
rElec   .          Harm     .   (no cloak)
rCorr   .          Rampage  +   (gloves unavailable)
Will    .....                   (boots unavailable)
Stlth   ++........              (no amulet)
HPRegen 0.09/turn               g - ring of protection from fire
MPRegen 0.14/turn               (no ring)

@: lit by a corona, glowing, unable to read, very quick
A: very small, no large weapons, unfitting armour, see invisible, speed 3,
talons 1, thin skeletal structure 1, low mp 1, inability to read while
threatened
a: no special abilities


You were on level 4 of the Dungeon.
You visited 1 branch of the dungeon, and saw 4 of its levels.

You collected 85 gold pieces.

Inventory:

Hand Weapons
 a - a +2 dagger (weapon)
Armour
 b - a +1 robe
 m - the +1 robe "Finiugg" (worn) {Rampage Will- Int+8 Dex+4}
   (You found it on level 4 of the Dungeon)

   Int:       It affects your intelligence (+8).
   Dex:       It affects your dexterity (+4).
   Rampage:   It bestows one free step when moving towards enemies.
   Will:      It decreases your willpower.
Magical Staves
 i - a staff of fire
Jewellery
 g - a ring of protection from fire (left hand)
Scrolls
 c - a scroll of enchant weapon
 k - 2 scrolls of amnesia
Potions
 d - a potion of cancellation
 e - a potion of might
 h - a potion of degeneration {unknown}
 j - a potion of heal wounds {unknown}
 n - a potion of attraction {unknown}


   Skills:
 - Level 1.1 Short Blades
 - Level 2.6 Dodging
 - Level 4.4 Stealth
 + Level 6.1 Spellcasting
 + Level 6.6 Hexes


You had 6 spell levels left.
You knew the following spells:

 Your Spells              Type           Power      Damage    Failure   Level
a - Ensorcelled Hibernat  Hex/Ice        48%        N/A       3%          2
b - Tukima's Dance        Hex            40%        N/A       1%          3
c - Dazzling Flash        Conj/Hex       48%        N/A       6%          3
d - Confusing Touch       Hex            40%        N/A       1%          3

Your spell library contained the following spells:

 Spells                   Type           Power      Damage    Failure   Level
 Static Discharge         Conj/Air       7%         N/A       11%         2
 Conjure Flame            Conj/Fire      7%         6-21      22%         3
 Ignite Poison            Fire/Tmut/Pois 7%         N/A       22%         3
 Spider Form              Tmut/Pois      3%         N/A       22%         3
 Sticky Flame             Conj/Fire      7%         2d3       58%         4
 Lightning Bolt           Conj/Air       3%         1d15      90%         5
 Maxwell's Capacitive Co  Air            3%         ∞         100%        8


Dungeon Overview and Level Annotations

Branches:
Dungeon (4/15)
 Temple: D:4-7

Altars:
Elyvilon
Sif Muna

Shops:
D:4 =

Annotations:
D:4 Dowan, Duvessa


Innate Abilities, Weirdness & Mutations

You are very small and have problems with some larger weapons.
You are too small for most types of armour.
You have supernaturally acute eyesight. (SInv)
You cover ground extremely quickly. (Speed+++)
You have sharp toenails.
You have a somewhat thin skeletal structure. (Dex +2, Stealth+)
Your magical capacity is low. (-10% MP)
You sometimes lose the ability to read scrolls when taking damage.


Message History

Casting: Confusing Touch (safe; 1% risk of failure)
Confirm with . or Enter, or press ? or * to list all spells.
Aiming: Ensorcelled Hibernation (safe; 3% risk of failure)
Press: ? - help, Shift-Dir - straight line, f - Duvessa
Aim: Duvessa, wielding a +0 short sword and wearing a +0 ring mail (moderately wounded, confused, chance to affect: 36%) Duvessa easily resists.
Duvessa chortles and stares into space.
Dowan barely misses you. The orc completely misses you.
Casting: Ensorcelled Hibernation (safe; 3% risk of failure)
Confirm with . or Enter, or press ? or * to list all spells.
Aiming: Ensorcelled Hibernation (safe; 3% risk of failure)
Press: ? - help, Shift-Dir - straight line, f/p - Duvessa
Aim: Duvessa, wielding a +0 short sword and wearing a +0 ring mail (moderately wounded, confused, chance to affect: 36%) Duvessa easily resists.
Dowan completely misses you. The orc completely misses you.
Casting: Ensorcelled Hibernation (safe; 3% risk of failure)
Confirm with . or Enter, or press ? or * to list all spells.
Aiming: Ensorcelled Hibernation (safe; 3% risk of failure)
Press: ? - help, Shift-Dir - straight line, f/p - Duvessa
Aim: Duvessa, wielding a +0 short sword and wearing a +0 ring mail (moderately wounded, confused, chance to affect: 36%) Duvessa easily resists.
Dowan gestures at Duvessa while chanting.
Duvessa seems to speed up.
The orc hits you with a +0 flail.
You strike the helpless Duvessa from behind!
You puncture Duvessa!
Duvessa is heavily wounded.
Duvessa completely misses you. Dowan gestures at you while chanting.
You are outlined in light.
The orc hits you with a +0 flail!
* * * LOW HITPOINT WARNING * * *
It was a potion of mutation.
You feel extremely strange.
Your toenails lengthen and sharpen.
You lose the ability to read scrolls when threatened.
You feel less energetic.
Your bones become slightly less dense.
Duvessa says, "Why is everything spinning?"
Dowan hits you with a +0 dagger.
You feel threatened and lose the ability to read scrolls!
* * * LOW HITPOINT WARNING * * *
The orc hits you with a +0 flail.
You die...

.....<..###.######...#######....#
..##.#...#### ##).## ###.....
#######.....#####...## ###...##..
###..#......##[..###.........
#................#.#..###....
#....................##......
#...#8..............####.....
#..##...............##.......
##.8.∩.8....@o...............
####<...e.#e..............##
#8...###.......[.........
##.....#...)...#.#....#.#.
##.............##......###.
#..................o....##.
###...............#.##..##.
##...####.......#..#..... #..##
####.......##....


You could see Duvessa (fast, confused), Dowan and an orc.

Vanquished Creatures
  A necrophage (D:3)
  A scorpion (D:4)
  An orc priest (D:4)
  An iguana (D:4)
  A gnoll (D:1)
  6 adders
  A white imp (D:3)
  3 dart slugs
  3 orcs (D:4)
  6 endoplasms
  A giant cockroach (D:3)
  5 goblins
  5 hobgoblins
  8 jackals
  5 kobolds
  2 quokkas
  4 ball pythons
  5 bats
  A frilled lizard (D:2)
  4 rats
64 creatures vanquished.

Notes
Turn   | Place    | Note
-------+----------+-------------------------------------------
     0 | D:1      | edj the Spriggan Enchanter began the quest for the Orb.
     0 | D:1      | Reached XP level 1. HP: 9/9 MP: 5/5
   190 | D:1      | Reached XP level 2. HP: 13/13 MP: 7/7
   193 | D:1      | Learned a level 2 spell: Ensorcelled Hibernation
   557 | D:1      | Reached XP level 3. HP: 16/16 MP: 9/9
  1968 | D:2      | Learned a level 3 spell: Tukima's Dance
  1972 | D:2      | Learned a level 3 spell: Dazzling Flash
  2242 | D:3      | Reached XP level 4. HP: 21/21 MP: 8/11
  2286 | D:3      | Reached skill level 5 in Hexes
  2848 | D:3      | Found a white marble altar of Elyvilon.
  2852 | D:3      | Found a shimmering blue altar of Sif Muna.
  3627 | D:3      | Noticed a necrophage
  4105 | D:4      | Identified the +1 leather armour of Hek Laag {rPois}
  4106 | D:4      | Noticed a scorpion
  4117 | D:4      | Identified the +1 robe "Finiugg" {Rampage Will- Int+8
                  | Dex+4}
  4140 | D:4      | Killed a scorpion
  4141 | D:4      | Reached skill level 5 in Spellcasting
  4141 | D:4      | Reached XP level 5. HP: 22/24 MP: 9/13
  4184 | D:4      | Noticed Dowan
  4185 | D:4      | Noticed Duvessa
  4360 | D:4      | Found Laimol's Jewellery Shoppe.
  4877 | D:3      | Learned a level 3 spell: Confusing Touch
  4882 | D:3      | Killed a necrophage
  4883 | D:3      | Reached XP level 6. HP: 27/28 MP: 12/16
  4995 | D:4      | Gained mutation: You have sharp toenails. [potion of
                  | mutation]
  4995 | D:4      | Gained mutation: You sometimes lose the ability to read
                  | scrolls when taking damage. [potion of mutation]
  4995 | D:4      | Gained mutation: Your magical capacity is low. (-10% MP)
                  | [potion of mutation]
  4995 | D:4      | Gained mutation: You have a somewhat thin skeletal
                  | structure. (Dex +2, Stealth+) [potion of mutation]
  4995 | D:4      | Slain by an orc

Illustrated notes

Levels and vault maps discovered:
D:1:      dpeg_arrival_water_temple_mockup, layout_loops_ring,
          chequers_serial_rivers_small_3
D:2:      layout_basic
D:3:      layout_basic, grunt_temple_overflow_open
D:4:      layout_cave_pools, serial_shops, nicolae_shop_statue_plus,
          amcnicky_mini_corridor_feature, uniq_duvessa

Skill      XL: |  1  2  3  4  5 |
---------------+----------------+-----
Spellcasting   | 3 4 5 6 |  6.1
Hexes          | 4 5 6 |  6.6
Short Blades   | |  1.1
Dodging        | |  2.6
Stealth        | |  4.4

Action                   |  1- 3 |  4- 6 || total
-------------------------+-------+-------++-------
Melee: Dagger            |   133 |   107 ||   240
 Cast: Ensorcelled Hiber |    10 |    19 ||    29
       Dazzling Flash    |       |     2 ||     2
       Confusing Touch   |       |     2 ||     2
  Use: Scroll            |     3 |     6 ||     9
       Potion            |       |     2 ||     2
 Stab: Sleeping          |    19 |    16 ||    35
       Invisible         |       |     1 ||     1
       Confused          |       |     4 ||     4
Armor: Robe              |    18 |    10 ||    28
Dodge: Dodged            |   108 |    77 ||   185

Table legend: (Time is in decaauts)
 A = Elapsed time spent in this place.
 B = Non-inter-level travel time spent in this place.
 C = Inter-level travel time spent in this place.
 D = Time resting spent in this place.
 E = Time spent auto-exploring this place.
 F = Levels seen in this place.
 G = Mean time per level.
                   A        B        C        D        E       F      G
               +--------+--------+--------+--------+--------+-----+--------+
         Total |   3885 |   3828 |     57 |    945 |   2204 |   4 |  971.2 |
       Dungeon |   3885 |   3828 |     57 |    945 |   2204 |   4 |  971.2 |
               +--------+--------+--------+--------+--------+-----+--------+

Top non-repeatable levels by time:
     D:3: 1207 daAuts
     D:4: 1008 daAuts
     D:2: 961 daAuts
     D:1: 707 daAuts
